 Dungeon Crawl Stone Soup version 0.30-a0-122-g2a1322497e (webtiles) character file.

Game seed: 17236637095224273988

9 BritishOli the Trooper (level 2, -2/24 HPs)
             Began as a Demonspawn Fighter on Sept 17, 2022.
             Slain by a hobgoblin (4 damage)
             ... on level 1 of the Dungeon.
             The game lasted 00:00:18 (228 turns).

BritishOli the Trooper (Demonspawn Fighter)          Turns: 228, Time: 00:00:18

Health: -2/24      AC:  6    Str: 16    XL:     2   Next: 6%
Magic:  2/2        EV:  8    Int:  9    God:
Gold:   26         SH:  4    Dex: 12    Spells: 1/1 levels left

rFire   . . .      SeeInvis .    a - +0 long sword
rCold   . . .      Faith    .    c - +0 buckler
rNeg    . . .      Spirit   .    b - +0 scale mail
rPois   .          Reflect  .    (no helmet)
rElec   .          Harm     .    (no cloak)
rCorr   .          Rampage  .    (no gloves)
Will    .....                    (no boots)
Stlth   ..........               (no amulet)
HPRegen 0.08/turn                (no ring)
MPRegen 0.08/turn                (no ring)

@: no status effects
A: hooves 1
a: no special abilities


You were on level 1 of the Dungeon.
You visited 1 branch of the dungeon, and saw 1 of its levels.

You collected 26 gold pieces.

Inventory:

Hand Weapons
 a - a +0 long sword (weapon)
Armour
 b - a +0 scale mail (worn)
 c - a +0 buckler (worn)
Jewellery
 h - an amulet of guardian spirit
Scrolls
 e - 2 scrolls of identify {unknown}
Potions
 d - a potion of might
 f - a potion of flight {unknown}
 g - a potion of haste {unknown}


   Skills:
 + Level 3.1 Fighting
 + Level 2.0 Long Blades
 + Level 2.8 Armour
 + Level 2.8 Shields


You had one spell level left.
You didn't know any spells.
Your spell library was empty.

Dungeon Overview and Level Annotations

Branches:
Dungeon (1/15)

Altars:


Innate Abilities, Weirdness & Mutations

You have large cloven feet.


Message History

The hobgoblin drinks a potion.
The hobgoblin flickers and vanishes!
Deactivating autopickup; reactivate with Ctrl-A.
You block the hobgoblin's attack.
You barely miss the hobgoblin. You kick the hobgoblin.
The hobgoblin is heavily wounded.
The bat hits you but does no damage. The hobgoblin hits you.
You hit the hobgoblin but do no damage. Your kick misses the hobgoblin.
The hobgoblin is heavily wounded.
The ball python bites you but does no damage.
The ball python barely misses you. The hobgoblin completely misses you.
You block the ball python's attack. The ball python grabs you.
The ball python constricts you. The bat hits you but does no damage.
You hit the ball python. Your kick misses the ball python.
The ball python is moderately wounded.
You block the bat's attack. The bat hits you but does no damage.
A rat comes into view.
The hobgoblin hits you. The ball python bites you.
The ball python constricts you. The bat hits you but does no damage.
You block the hobgoblin's attack. Something hits you but does no damage.
The ball python bites you. The ball python constricts you.
You are too injured to fight recklessly!
Unknown command.
You are too injured to fight recklessly!
You escape the ball python's grasp.
The bat hits you but does no damage. Something hits you.
The hobgoblin attacks as you move away!
The hobgoblin hits you but does no damage.
The bat hits you but does no damage. Something hits you.
* * * LOW HITPOINT WARNING * * *
The hobgoblin attacks as you move away! The hobgoblin hits you.
* * * LOW HITPOINT WARNING * * *
The bat hits you but does no damage. The hobgoblin attacks as you move away!
The hobgoblin hits you but does no damage.
The bat hits you but does no damage. The bat attacks as you move away!
The bat hits you but does no damage. Something hits you but does no damage.
The bat hits you but does no damage. The bat hits you but does no damage. x2
The hobgoblin attacks as you move away! The hobgoblin hits you.
You die...

...# #..##..##...#.# ...#
#..##..##...#...# ...#
###..##..##.#...## .###
###..##..##......# .#
#..##.<##........#
.######..##..##........#
..†....##..##..##......#
......###..##..##......#
#........##..##.@g.S...#
#.##.#.).##..##.b{..#..##
#.......................#
###.#..#.##...#.........##
#..#)..................#
##.................r....#
#......................#
.............#.............
..###......#..##.......##...#


You could see a hobgoblin, a bat, a ball python and a rat.

Vanquished Creatures
  A ball python (D:1)
  An endoplasm (D:1)
  A giant cockroach (D:1)
  A goblin (D:1)
  A hobgoblin (D:1)
  A quokka (D:1)
  A frilled lizard (D:1)
  A rat (D:1)
8 creatures vanquished.

Notes
Turn   | Place    | Note
-------+----------+-------------------------------------------
     0 | D:1      | BritishOli the Demonspawn Fighter began the quest for the
                  | Orb.
     0 | D:1      | Reached XP level 1. HP: 18/18 MP: 1/1
   160 | D:1      | Gained mutation: You have large cloven feet. [demonic
                  | ancestry]
   160 | D:1      | Reached XP level 2. HP: 24/24 MP: 2/2
   228 | D:1      | Slain by a hobgoblin

Illustrated notes

Levels and vault maps discovered:
D:1:      lightli_iron_boxes, layout_rooms

Skill      XL: |  1 |
---------------+----+-----
Long Blades    | 2 |  2.0
Fighting       | |  3.1
Armour         | |  2.8
Shields        | |  2.8

Action                   || total
-------------------------++-------
Melee: Long sword        ||    32
       Kick              ||     3
Armor: Scale mail        ||    36
Dodge: Dodged            ||    17
Block: Buckler           ||     9

Table legend: (Time is in decaauts)
 A = Elapsed time spent in this place.
 B = Non-inter-level travel time spent in this place.
 C = Inter-level travel time spent in this place.
 D = Time resting spent in this place.
 E = Time spent auto-exploring this place.
 F = Levels seen in this place.
 G = Mean time per level.
                   A        B        C        D        E       F      G
               +--------+--------+--------+--------+--------+-----+--------+
         Total |    239 |    239 |      0 |      0 |    164 |   1 |  239.0 |
       Dungeon |    239 |    239 |      0 |      0 |    164 |   1 |  239.0 |
               +--------+--------+--------+--------+--------+-----+--------+

Top non-repeatable levels by time:
     D:1: 239 daAuts
